Map: Abiogenesis LE

Players

Bly - Winner!

  • Race: Zerg Zerg
  • Spawn Location: 11:00

DeMusliM

  • Race: Terran Terran
  • Spawn Location: 5:00

Event: WCS Leipzig 2018

VOD

Have the link to the VOD?

Description

Time

  • Played on: Jan. 26, 2018, 10:36 a.m.
  • Length: 5:41

All games in this series

Show
View Real Time Build Order
Export as new Build Order

Bly Zerg - Winner!

Build Orders: Pool First 

Get SALT Encoding   

  12  0:01  Drone  
  13  0:12  Overlord  
  13  0:16  Drone  
  14  0:30  Drone x2  
  16  0:41  Spawning Pool  
  15  0:44  Drone  
  15  0:49  Drone  
  17  1:10  Hatchery  
  16  1:12  Drone  
  16  1:16  Extractor  
  16  1:17  Drone  
  17  1:28  Zergling x4  
  19  1:33  Queen  
  21  1:40  Overlord  
  21  1:50  Drone  
  22  2:00  Drone  
  23  2:09  Queen  
  23  2:13  Drone  
  26  2:22  Metabolic Boost  
  26  2:27  Drone x2  
  28  2:33  Drone x2  
  28  2:35  Queen  
  31  2:42  Drone x3  
  33  2:48  Overlord  
  33  3:04  Drone  
  33  3:05  Hatchery  
  33  3:17  Roach Warren  
  33  3:18  Drone  
  33  3:19  Drone x2  
  35  3:29  Drone x3  
  35  3:32  Extractor  
  38  3:34  Drone x3  
  40  3:58  Overlord x3  
  40  4:16  Roach  
  40  4:17  Roach x7  
  56  4:19  Roach  
  56  4:21  Roach  
  56  4:22  Roach  
  56  4:23  Roach  
  64  4:25  Roach  
  66  4:39  Zergling x4  
  66  4:40  Zergling x8  
  66  4:43  Overlord  
  72  4:51  Zergling x4  
  74  5:04  Zergling x2  
  74  5:05  Zergling x12  
  74  5:06  Ravager  
  79  5:31  Ravager  
  78  5:35  Ravager  
  78  5:36  Ravager  
Show
View Real Time Build Order
Export as new Build Order

DeMusliM Terran 

Build Orders: Command Center First (CC) 

Get SALT Encoding   

  12  0:00  SCV  
  13  0:12  SCV  
  14  0:18  Supply Depot  
  14  0:24  SCV  
  15  0:39  SCV  
  16  0:51  SCV  
  17  1:00  Command Center  
  17  1:03  SCV  
  18  1:15  SCV  
  18  1:17  Barracks  
  19  1:27  Refinery  
  19  1:28  SCV  
  19  1:31  Refinery  
  20  1:40  SCV  
  21  1:52  SCV  
  22  2:04  Orbital Command, Reaper  
  23  2:12  Orbital Command  
  22  2:34  SCV  
  22  2:43  Barracks Reactor  
  22  2:46  SCV  
  22  2:47  SCV, Factory  
  24  2:57  Supply Depot  
  24  2:58  SCV  
  24  2:59  SCV  
  26  3:10  SCV  
  26  3:11  SCV  
  28  3:23  SCV x2  
  30  3:29  Barracks Tech Lab  
  30  3:34  Starport  
  30  3:35  SCV x2  
  30  3:38  Hellion x2  
  30  3:40  Supply Depot  
  36  3:47  SCV x2  
  36  3:48  Marine  
  39  3:59  SCV x2, Hellion x2  
  45  4:03  Supply Depot  
  45  4:05  Barracks  
  45  4:09  Viking  
  47  4:11  Barracks  
  47  4:12  SCV x2  
  49  4:21  Supply Depot  
  49  4:23  Marine  
  50  4:24  SCV  
  50  4:25  SCV  
  50  4:26  Engineering Bay  
  50  4:29  Refinery  
  52  4:34  Factory Reactor  
  52  4:36  SCV  
  52  4:37  SCV  
  54  4:41  Marine  
  54  4:44  Supply Depot  
  55  4:49  SCV x2, Starport Reactor  
  57  4:55  Barracks  
  57  4:59  Marine x2  
  58  5:00  Marine  
  58  5:01  Bunker  
  58  5:02  Bunker  
  54  5:13  Barracks  
  52  5:17  Marine x3  
Tags
 
Add a new tag
Caveats
  • Supply blocks, unpowered buildings, or Contaminate may cause inaccurate times.
  • Supply counts are checked every 10 seconds.